 Dungeon Sprint DCSS version 0.27-a0-1060-gcb85b5eba1 (webtiles) character file.

Game seed: 11285890556941165098

1301 mhtbhm the Arsonist (level 8, -2/41 HPs)
             Began as a Deep Elf Fire Elementalist on Apr 21, 2021.
             Was the Champion of Vehumet.
             Slain by a red draconian
             ... wielding a +0 halberd
              (18 damage)
             ... in the Dungeon (Sprint V: "Ziggurat Sprint").
             The game lasted 00:04:23 (683 turns).

mhtbhm the Arsonist (Deep Elf Fire Elementalist)     Turns: 683, Time: 00:04:23

Health: -2/41      AC:  8    Str:  5    XL:     8   Next: 31%
Magic:  10/25      EV: 17    Int: 35    God:    Vehumet [******]
Gold:   0          SH:  0    Dex: 18    Spells: 5/29 levels left

rFire    + . .     SeeInvis .   C - +8 lance "Wyrmbane" {slay drac, rPois rF+ rC+ AC+3}
rCold    + . .     Faith    .   (no shield)
rNeg     . . .     Spirit   .   a - +0 robe
rPois    +         Reflect  .   (no helmet)
rElec    .         Harm     .   (no cloak)
rCorr    .         Rampage  .   E - +2 pair of gloves {Dex+3}
Will     .....     NoTele   +   (no boots)
Stlth    +++.......             (no amulet)
HPRegen  0.13/turn              u - +6 ring of intelligence
MPRegen  0.19/turn              v - +6 ring of intelligence

@: very slightly contaminated
A: no striking features
a: Renounce Religion


You were in the Dungeon.
You worshipped Vehumet.
Vehumet was exalted by your worship.
You visited 1 branch

Inventory:

Hand Weapons
 w - a +2 lajatang of electrocution
 C - the +8 lance "Wyrmbane" (weapon) {slay drac, rPois rF+ rC+ AC+3}
   (You found it in the Dungeon)

   It affects your AC (+3).
   It protects you from fire.
   It protects you from cold.
   It protects you from poison.
 G - the +10 zealot's sword {holy, *Rage rN+ EV+3}
   (You found it in the Dungeon)

   It has been blessed by the Shining One to cause great damage to the undead
   and demons.
   It affects your evasion (+3).
   It protects you from negative energy.
   It may make you go berserk in combat.
Armour
 a - a +0 robe (worn)
 E - a +2 pair of gloves of dexterity (worn)
Jewellery
 u - a +6 ring of intelligence (left hand)
 v - a +6 ring of intelligence (right hand)
Wands
 y - a wand of mindburst (5)
 z - a wand of iceblast (3)
 A - a wand of acid (6)
Scrolls
 h - 4 scrolls of blinking
 m - 4 scrolls of amnesia
 n - 7 scrolls of fog
 o - a scroll of holy word
 p - 4 scrolls of identify
 q - 2 scrolls of fear
Potions
 b - 2 potions of brilliance
 c - 10 potions of curing
 d - 9 potions of heal wounds
 e - 6 potions of haste
 f - 7 potions of magic
 g - 3 potions of berserk rage
 i - 2 potions of invisibility
 j - 4 potions of resistance
 k - a potion of experience
 l - 5 potions of might
 r - a potion of attraction
Miscellaneous
 s - a phantom mirror
 t - a box of beasts
 x - a condenser vane (inert)
 B - a lightning rod (4/4)


   Skills:
 + Level 7.9 Dodging
 - Level 6.1 Stealth
 + Level 11.4 Spellcasting
 + Level 4.7 Conjurations
 + Level 13.7 Fire Magic
 + Level 6.0 Evocations


You had 5 spell levels left.
You knew the following spells:

 Your Spells              Type           Power      Damage    Failure   Level
a - Foxfire               Conj/Fire      100%       2x1d9     1%          1
b - Conjure Flame         Conj/Fire      71%        6-21      1%          3
c - Inner Flame           Hex/Fire       61%        N/A       1%          3
d - Sticky Flame          Conj/Fire      71%        2d8       1%          4
e - Fireball              Conj/Fire      35%        3d15      1%          5
f - Ignition              Fire           43%        3d12      13%         8

Your spell library contained the following spells:

 Spells                   Type           Power      Damage    Failure   Level
 Airstrike                Air            10%        N/A       6%          4
 Sandblast                Erth           40%        2d10      1%          1
 Shock                    Conj/Air       100%       1d9       1%          1
 Dazzling Flash           Conj/Hex       72%        N/A       1%          3
 Bolt of Magma            Conj/Fire/Erth 29%        4d13      1%          5
 Hailstorm                Conj/Ice       36%        3d9       2%          4
 Blink                    Tloc           N/A        N/A       3%          2
 Passwall                 Tmut/Erth      16%        N/A       3%          2
 Gell's Gravitas          Tloc           10%        N/A       6%          3
 Lesser Beckoning         Tloc           10%        N/A       6%          3
 Ozocubu's Armour         Ice            20%        N/A       6%          3
 Teleport Other           Tloc           20%        N/A       6%          3
 Yara's Violent Unravell  Hex/Tmut       10%        3d6       16%         5
 Animate Armour           Summ/Erth      40%        N/A       22%         4
 Manifold Assault         Tloc           20%        N/A       52%         5
 Silence                  Hex/Air        10%        N/A       52%         5
 Summon Mana Viper        Hex/Summ       20%        N/A       52%         5
 Freezing Cloud           Conj/Ice/Air   15%        6-21      38%         6
 Chain Lightning          Conj/Air       18%        N/A       100%        8
 Lehudib's Crystal Spear  Conj/Erth      18%        10d5      100%        8
 Absolute Zero            Ice            10%        ∞         100%        9
 Fire Storm               Conj/Fire      35%        8d9       100%        9


Dungeon Overview and Level Annotations

Branches:
Dungeon (1/1)

Altars:
Ashenzari
Cheibriados
Dithmenos
Elyvilon
Fedhas
Gozag
Hepliaklqana
Kikubaaqudgha
Makhleb
Nemelex Xobeh
Okawaru
Qazlal
Ru
Sif Muna
Trog
Uskayaw
Vehumet
Wu Jian
Xom
Yredelemnul
Zin
The Shining One
Beogh
Jiyva
Lugonu


Message History

Casting: Ignition (potentially lethal; 13% risk of failure)
Press: ? - help, Dir - look around, f - activate You miscast Ignition.
You are blasted with searing flames!
You resist. The red draconian breathes fire at you. The searing blast hits you!
You resist.
Unknown command.
Unknown command.
Unknown command.
Okay, then.
You feel much better.
You are engulfed in blazing flames.
You resist.
Unknown command.
Unknown command.
Clouds of flame condense around you!
The condenser dries out!
You are engulfed in blazing flames.
You resist.
The draconian is engulfed in blazing flames. x5
The red draconian is engulfed in blazing flames. x2
The draconian is engulfed in blazing flames.
Unknown command.
Unknown command.
Unknown command.
That's the wrong kind of item! (Use * to select it.) Evoke which item? (* to show all) (? for menu, Esc to quit)
Aiming: Iceblast
Press: ? - help, Shift-Dir - straight line, f - red draconian
Aim: a red draconian, wielding a +0 halberd (flame, lightly wounded, catching its breath)
The mass of ice explodes!
The iceblast engulfs the red draconian!
The red draconian is lightly wounded.
The iceblast engulfs the draconian!
The draconian is moderately wounded.
The iceblast engulfs the draconian!
The draconian is lightly wounded.
The iceblast engulfs the draconian!!
The draconian is heavily wounded.
You are engulfed in blazing flames.
You resist.
The draconian is engulfed in blazing flames. x2
The draconian misses you.
The draconian is engulfed in blazing flames.
The red draconian is engulfed in blazing flames.
The red draconian hits you from afar with a +0 halberd!!
You die...

▓..8©8..▓
▓...[.:[..▓..)})..▓
▓...§§§§..▓..=))..▓
▓..§§§§§..▓.......▓
▓..§§§d§..▓.......▓
▓..d§d§§..▓.......▓
▓..§dddd..▓.......▓
▓.▓.§d§.▓.▓.......▓
▓....@....▓...©...▓
▓▓▓▓▓▓▓▓▓▓▓▓▓▓▓▓▓▓▓


You could see 2 draconians and 6 draconians.

Vanquished Creatures
  Sigmund (D)
  3 yaks (D)
  A hell hound (D)
  An orc warrior (D)
  3 bullfrogs (D)
  A crimson imp (D)
  A quasit (D)
  2 orc priests (D)
  An iguana (D)
  3 iron imps (D)
  Jessica (D)
  4 mummies (D)
  2 white imps (D)
  7 orcs (D)
  A bat skeleton (D)
  2 ball python skeletons (D)
  A ball python zombie (D)
  A giant cockroach zombie (D)
36 creatures vanquished.

Vanquished Creatures (others)
  A bat zombie (D)
1 creature vanquished.

Grand Total: 37 creatures vanquished

Notes
Turn   | Place    | Note
-------+----------+-------------------------------------------
     0 | D        | mhtbhm the Deep Elf Fire Elementalist began the quest for
                  | the Orb.
     0 | D        | Reached XP level 1. HP: 10/10 MP: 6/6
     0 | D        | Found a shimmering blue altar of Sif Muna.
     0 | D        | Found a bloodstained altar of Trog.
     0 | D        | Found a sacrificial altar of Ru.
     0 | D        | Found a stormy altar of Qazlal.
     0 | D        | Found an iron altar of Okawaru.
     1 | D        | Found a sparkling altar of Nemelex Xobeh.
     1 | D        | Found a blossoming altar of Fedhas.
     2 | D        | Found the +6 Majin-Bo {vamp, MP+6 Int+6}
     2 | D        | Found the +9 heavy crossbow "Sniper" {vorpal, Acc+∞ SInv}
     2 | D        | Found the +10 dark maul {vorpal}
     2 | D        | Found the +15 Maxwell's patent armour {-Cast -Tele rElec
                  | Will+ rCorr}
     2 | D        | Found the +18 shield of the Gong {rElec rN+ Will+ EV-5}
     2 | D        | Found the +14 obsidian axe {vorpal, Drain Fly SInv}
     2 | D        | Found the +7 great mace "Firestarter" {inner flame, rF++}
     2 | D        | Found the +6 shillelagh "Devastator" {shatter}
     2 | D        | Found the +11 plutonium sword {Contam Stlth-}
     2 | D        | Found the +8 lance "Wyrmbane" {slay drac, rPois rF+ rC+
                  | AC+3}
     2 | D        | Found the +9 sword of Zonguldrok {reap}
     2 | D        | Found the +13 scythe of Curses {drain, Drain}
     2 | D        | Found the +5 sword of Power {vorpal}
     2 | D        | Found the +7 mace of Variability {chain chaos}
     2 | D        | Found the +7 Singing Sword {vorpal, sonic wave}
     2 | D        | Found the +8 storm bow {elec, penet}
     3 | D        | Found a transporter.
     3 | D        | Found an ancient bone altar of Kikubaaqudgha.
     3 | D        | Found a viscous altar of Jiyva.
     3 | D        | Found a corrupted altar of Lugonu.
     3 | D        | Found a hazy altar of Hepliaklqana.
     3 | D        | Found a burning altar of Makhleb.
     3 | D        | Found an opulent altar of Gozag.
    48 | D        | Became a worshipper of Vehumet
    62 | D        | Entered arena 2.
    62 | D        | Noticed Sigmund
    62 | D        | Noticed Jessica
    62 | D        | Found a transporter.
    63 | D        | Killed Jessica
    64 | D        | Reached skill level 5 in Fire Magic
    64 | D        | Reached XP level 2. HP: 15/15 MP: 7/9
    65 | D        | Killed Sigmund
    66 | D        | Reached skill level 5 in Dodging
    66 | D        | Reached skill level 9 in Fire Magic
    66 | D        | Reached XP level 3. HP: 19/19 MP: 8/13
    66 | D        | Reached XP level 4. HP: 24/24 MP: 8/14
    66 | D        | Reached XP level 5. HP: 28/28 MP: 9/16
    70 | D        | Learned a level 3 spell: Conjure Flame
    74 | D        | Learned a level 3 spell: Inner Flame
    79 | D        | Learned a level 4 spell: Sticky Flame
    85 | D        | Learned a level 5 spell: Fireball
    90 | D        | Got the Disquisition on Hexes
   112 | D        | Entered arena 3.
   112 | D        | Found a transporter.
   113 | D        | Reached * piety under Vehumet
   113 | D        | Offered knowledge of Shock by Vehumet.
   116 | D        | Reached skill level 5 in Stealth
   119 | D        | Reached skill level 10 in Fire Magic
   119 | D        | Reached skill level 1 in Evocations
   147 | D        | Entered arena 4.
   147 | D        | Found a transporter.
   148 | D        | Reached ** piety under Vehumet
   149 | D        | Reached *** piety under Vehumet
   260 | D        | Entered arena 5.
   260 | D        | Found a transporter.
   261 | D        | Offered knowledge of Sandblast by Vehumet.
   302 | D        | Entered arena 6.
   302 | D        | Found a transporter.
   303 | D        | Reached **** piety under Vehumet
   304 | D        | Reached XP level 6. HP: 32/32 MP: 15/19
   315 | D        | Got the Almanac of the Earthen Frostbite
   387 | D        | Entered arena 7.
   387 | D        | Noticed a hell hound
   390 | D        | Reached ***** piety under Vehumet
   390 | D        | Offered knowledge of Ignite Poison by Vehumet.
   391 | D        | Reached skill level 11 in Fire Magic
   391 | D        | Killed a hell hound
   396 | D        | Found a transporter.
   530 | D        | Got the Handbook of the Flying Blaze
   534 | D        | Entered arena 8.
   534 | D        | Noticed an orc warrior
   535 | D        | Found the +10 zealot's sword {holy, *Rage rN+ EV+3}
   535 | D        | Offered knowledge of Airstrike by Vehumet.
   536 | D        | Reached skill level 12 in Fire Magic
   536 | D        | Reached XP level 7. HP: 36/36 MP: 19/22
   536 | D        | Reached ****** piety under Vehumet
   537 | D        | Found a transporter.
   603 | D        | Entered arena 9.
   603 | D        | Noticed a yak
   603 | D        | Noticed a yak
   603 | D        | Noticed a yak
   605 | D        | Reached skill level 10 in Spellcasting
   605 | D        | Killed a yak
   605 | D        | Killed a yak
   605 | D        | Killed a yak
   606 | D        | Reached skill level 13 in Fire Magic
   606 | D        | Reached XP level 8. HP: 41/41 MP: 23/25
   608 | D        | Found a transporter.
   675 | D        | Learned a level 8 spell: Ignition
   678 | D        | Entered arena 10.
   678 | D        | Noticed a draconian
   678 | D        | Noticed a draconian
   678 | D        | Noticed a draconian
   678 | D        | Noticed a draconian
   678 | D        | Noticed a draconian
   678 | D        | Noticed a red draconian
   678 | D        | Noticed a red draconian
   678 | D        | Noticed a draconian
   683 | D        | Slain by a red draconian

Illustrated notes

Levels and vault maps discovered:
D:        sprint_v [room_start, room_1, room_2, room_3, room_4, room_5, room_6,
          room_7, room_8, room_9, room_10, room_11, room_12, room_13, room_14,
          room_15, room_16, room_17, room_18, room_19, room_20, room_21,
          room_22, room_23, room_24, room_25, room_26, room_27]

Skill      XL: |  1  2  3  4  5  6  7 |
---------------+----------------------+-----
Dodging        | 3 5 6 7 |  7.9
Stealth        | 3 4 5 6 |  6.1
Spellcasting   | 4 6 8 9 11 | 11.4
Fire Magic     | 5 9 10 12 13 | 13.7
Conjurations   | 2 3 4 |  4.7
Evocations     | 1 3 6 |  6.0

Action                   |  1- 3 |  4- 6 |  7- 9 || total
-------------------------+-------+-------+-------++-------
Melee: Lance             |     1 |       |       ||     1
 Cast: Fireball          |       |     7 |     5 ||    12
Evoke: Wand              |     2 |     4 |     1 ||     7
       Lightning rod     |       |     9 |       ||     9
       Condenser vane    |       |     1 |     1 ||     2
  Use: Scroll            |       |     1 |       ||     1
       Potion            |       |       |     1 ||     1
Dodge: Dodged            |     1 |     1 |     1 ||     3

Table legend: (Time is in decaauts)
 A = Elapsed time spent in this place.
 B = Non-inter-level travel time spent in this place.
 C = Inter-level travel time spent in this place.
 D = Time resting spent in this place.
 E = Time spent auto-exploring this place.
 F = Levels seen in this place.
 G = Mean time per level.
                   A        B        C        D        E       F      G
               +--------+--------+--------+--------+--------+-----+--------+
         Total |    681 |    681 |      0 |    434 |      0 |   1 |  681.0 |
       Dungeon |    681 |    681 |      0 |    434 |      0 |   1 |  681.0 |
               +--------+--------+--------+--------+--------+-----+--------+

Top non-repeatable levels by time:
       D: 681 daAuts
